 Dungeon Crawl Stone Soup version 0.24-a0-640-ge7cd8ce (webtiles) character file.

Game seed: 18197080058827608265, levelgen mode: deterministic

60 BladedHellion69420 the Skirmisher (level 3, -1/29 HPs)
             Began as a Demonspawn Monk on Sept 24, 2019.
             Slain by a leopard gecko (2 damage)
             ... on level 2 of the Dungeon.
             The game lasted 00:02:04 (1248 turns).

BladedHellion69420 the Skirmisher (Demonspawn Monk) Turns: 1248, Time: 00:02:05

Health: -1/29      AC:  6    Str: 12    XL:     3   Next: 80%
Magic:  0/3        EV: 10    Int: 11    God:
Gold:   22         SH:  0    Dex: 15    Spells: 2/2 levels left

rFire    . . .     SeeInvis .   a - +0 falchion
rCold    . . .     Gourm    .   (no shield)
rNeg     . . .     Faith    .   d - +0 scale mail
rPois    .         Spirit   +   (no helmet)
rElec    .         Reflect  .   (no cloak)
rCorr    .         Harm     .   (no gloves)
MR       .....                  (no boots)
Stlth    +.........             (no amulet)
HPRegen  0.09/turn              (no ring)
MPRegen  0.08/turn              (no ring)

@: lethally poisoned (-1 -> -10)
A: demonic guardian 1, magic shield
a: no special abilities


You were on level 2 of the Dungeon.
You were very hungry.

You visited 1 branch of the dungeon, and saw 2 of its levels.

You collected 22 gold pieces.

Inventory:

Hand Weapons
 a - a +0 falchion (weapon)
Armour
 b - a +0 robe
 d - a +0 scale mail (worn)
Scrolls
 e - 2 scrolls of identify {unknown}
 f - 2 scrolls of amnesia {unknown}
 i - a scroll of teleportation {unknown}
Potions
 g - 2 potions of mutation {unknown}
 h - a potion of curing {unknown}
 j - a potion of degeneration {unknown}
Comestibles
 c - 3 rations


   Skills:
 + Level 3.5 Fighting
 + Level 3.3 Long Blades
 + Level 1.2 Armour
 + Level 3.1 Dodging
 + Level 1.7 Stealth


You had 2 spell levels left.
You didn't know any spells.
Your spell library was empty.

Dungeon Overview and Level Annotations

Branches:
Dungeon (2/15)

Altars:


Innate Abilities, Weirdness & Mutations

A weak demonic guardian rushes to your aid.
When hurt, damage is shared between your health and your magic reserves.


Message History

The adder poisons you! The quokka misses you.
You barely miss the adder.
The adder is almost dead.
* * * LOW HITPOINT WARNING * * *
You feel sick.
The leopard gecko bites you but does no damage.
The adder closely misses you. The quokka closely misses you.
The frilled lizard bites you but does no damage.
The leopard gecko closely misses you.
Unknown command.
Unknown command.
Unknown command.
You hit the adder.
You kill the adder!
Your Armour skill increases to level 1!
* * * LOW HITPOINT WARNING * * *
You feel sick. The quokka barely misses you.
You riposte.
You hit the quokka.
The quokka is lightly wounded.
The frilled lizard closely misses you. The leopard gecko bites you.
You die...

.# .# # .#
.### .#
...###.#
#..#..####..
#.#.l......
#.r@.#
#.l..#
#...#...#
#...###.#.#
...## #.#.#
.. ..#.# <
(.# # ...


You could see a leopard gecko, a quokka and a frilled lizard.

Vanquished Creatures
  An adder (D:2)
  2 oozes (D:1)
  2 dart slugs (D:1)
  3 leopard geckos (D:1)
  2 bats (D:1)
  3 giant cockroaches (D:1)
  3 goblins (D:1)
  6 hobgoblins (D:1)
  5 kobolds (D:1)
  A frilled lizard (D:1)
  7 rats (D:1)
35 creatures vanquished.

Notes
Turn   | Place    | Note
-------+----------+-------------------------------------------
     0 | D:1      | BladedHellion69420 the Demonspawn Monk began the quest for
                  | the Orb.
     0 | D:1      | Reached XP level 1. HP: 18/18 MP: 1/1
   260 | D:1      | Gained mutation: A weak demonic guardian rushes to your
                  | aid. [demonic ancestry]
   260 | D:1      | Reached XP level 2. HP: 24/24 MP: 2/2
   441 | D:1      | Gained mutation: When hurt, damage is shared between your
                  | health and your magic reserves. [demonic ancestry]
   441 | D:1      | Reached XP level 3. HP: 29/29 MP: 3/3
  1248 | D:2      | Reached skill level 1 in Armour
  1248 | D:2      | HP: 1/29 [poisoned by an adder]
  1248 | D:2      | Slain by a leopard gecko

Levels and vault maps discovered:
D:1:      dpeg_arrival_stonehenge_12_columns, layout_basic, serial_rivers,
          chequers_serial_rivers_marsh, chequers_serial_rivers_small_3,
          chequers_serial_rivers_small_b, chequers_serial_rivers_micro_a,
          chequers_serial_rivers_room_b
D:2:      layout_rooms, kennysheep_vampire_church, elyvilon_altar_5

Skill      XL: |  1  2  3 |
---------------+----------+-----
Dodging        | 3 |  3.1
Long Blades    | 3 |  3.3
Armour         | 1 |  1.2
Fighting       | |  3.5
Stealth        | |  1.7

Action                   || total
-------------------------++-------
Melee: Falchion          ||   123
Armor: Scale mail        ||    55
Dodge: Dodged            ||    82
       Rpst.: Falchion   ||    23

Table legend:
 A = Non-vault XP
 B = Vault XP
 C = Vault XP percentage of total XP
 D = Non-vault monster count
 E = Vault monster count
 F = Vault count percentage of total count
                 A         B        C        D         E       F
            +---------+---------+-------+---------+---------+-------
      Total |      86 |       0 |   0.0 |      35 |       0 |   0.0
            +---------+---------+-------+---------+---------+-------
        D:1 |      73 |       0 |   0.0 |      34 |       0 |   0.0
        D:2 |      13 |       0 |   0.0 |       1 |       0 |   0.0
            +---------+---------+-------+---------+---------+-------
